 Dungeon Crawl Stone Soup version 0.17-a0-1056-g838d5c0 (webtiles) character file.

46209 Synthetic the Brawler (level 14, -2/127 HPs)
             Began as a Troll Transmuter on May 16, 2015.
             Was the Champion of Cheibriados.
             Slain by a catoblepas (4 damage)
             ... on level 7 of the Lair of Beasts.
             The game lasted 00:54:56 (17935 turns).

Synthetic the Brawler (Troll Transmuter)           Turns: 17935, Time: 00:54:56

Health: -2/127     AC:  9    Str: 36      XL:     14   Next: 4%
Magic:  23/23      EV:  1    Int: 25 (28) God:    Cheibriados [******]
Gold:   1819       SH:  0    Dex: 25      Spells: 6 memorised, 4 levels left

rFire  . . .     SeeInvis .       - Unarmed
rCold  + + .     Clarity  .     X - +1 robe {rC+}
rNeg   + + +     SustAb   .     (no shield)
rPois  ∞         Gourm    +     (helmet restricted)
rElec  .         Spirit   .     Q - +2 cloak
rCorr  .         Warding  .     (gloves unavailable)
rMut   .         Stasis   .     (boots unavailable)
MR     +....                    (no amulet)
Stlth  ++........               S - ring of protection from cold
                                (no ring)

@: petrified, very slow, somewhat resistant to hostile enchantments, unstealthy
A: unfitting armour, claws 3, fast metabolism 3, gourmand, regeneration 2,
shaggy fur 1, tough skin 2
a: Bend Time, Temporal Distortion, Slouch, Step From Time, Renounce Religion


You were on level 7 of the Lair of Beasts.
You worshipped Cheibriados.
Cheibriados was exalted by your worship.
You were completely stuffed.

You visited 3 branches of the dungeon, and saw 20 of its levels.
You also visited: Sewer and Ice Cave.

You collected 2000 gold pieces.
You spent 181 gold pieces at shops.

Inventory:

Missiles
 s - 14 javelins (quivered)
 I - 34 tomahawks
 K - 4 steel tomahawks
Armour
 Q - a +2 cloak (worn)
 X - a +1 robe of cold resistance (worn)
Jewellery
 w - an uncursed ring of flight
 J - an uncursed ring of ice
 S - a ring of protection from cold (right claw)
Magical devices
 l - a wand of teleportation (3)
 o - a wand of paralysis (22)
 H - a wand of fireball (2)
Scrolls
 e - 2 scrolls of recharging
 g - 4 scrolls of fear
 i - 6 scrolls of identify
 n - 5 scrolls of remove curse
 p - 12 scrolls of teleportation
 u - 2 scrolls of immolation
 x - a scroll of enchant armour
 B - 2 scrolls of fog
 G - a scroll of amnesia
Potions
 a - 2 potions of resistance {unknown}
 c - 2 potions of mutation {unknown}
 f - 2 potions of heal wounds
 h - a potion of poison {unknown}
 r - 4 potions of lignification
 t - 4 potions of curing
 z - 2 potions of agility
 D - a potion of beneficial mutation {unknown}
 L - a potion of might
 M - a potion of brilliance
 R - 3 potions of magic
Books
 b - a book of Necromancy

   Spells                             Type                      Level
   a - Pain                           Necromancy                   1
   b - Animate Skeleton               Necromancy                   1
   c - Vampiric Draining              Necromancy                   3
   d - Regeneration                   Charms/Necromancy            3
   e - Animate Dead                   Necromancy                   4
   f - Control Undead                 Necromancy                   4
 y - a book of Frost

   Spells                             Type                      Level
   a - Freeze                         Ice                          1
   b - Throw Frost                    Conjuration/Ice              2
   c - Ozocubu's Armour               Charms/Ice                   3
   d - Throw Icicle                   Conjuration/Ice              4
   e - Summon Ice Beast               Ice/Summoning                4
   f - Condensation Shield            Ice                          4
Miscellaneous
 v - a lantern of shadows
Comestibles
 d - 11 bread rations
 j - 6 chunks of flesh
 m - 3 meat rations
 q - 5 beef jerkies
 A - 5 fruits
 C - 16 royal jellies
 E - a slice of pizza


   Skills:
 + Level 5.4 Fighting
 + Level 6.0 Dodging
 * Level 15.6 Unarmed Combat
 + Level 7.2 Spellcasting
 + Level 8.5 Transmutations
 - Level 5.0 Invocations


You had 4 spell levels left.
You knew the following spells:

 Your Spells              Type           Power        Failure   Level  Hunger
a - Beastly Appendage     Trmt           ######       1%          1    None
b - Spider Form           Trmt/Pois      ####......   3%          3    None
c - Blade Hands           Trmt           ######....   8%          5    #####..
d - Ice Form              Ice/Trmt       ####....     12%         4    ###....
e - Dragon Form           Trmt           ######....   99%         7    #######
f - Regeneration          Chrm/Necr      #.........   21%         3    None


Dungeon Overview and Level Annotations

Branches:
Dungeon (10/15)            Temple (0/1) D:5            Lair (7/8) D:10
 Shoals (0/4) Lair:5        Snake (0/4) Lair:4        Slime (0/6) Lair:6
    Orc (3/4) D:10
    Elf: Orc:3-4

Altars:
Ashenzari
Cheibriados
Dithmenos
Fedhas
Makhleb
Nemelex Xobeh
Ru
Sif Muna
Trog
Xom
Zin
Jiyva

Shops:
D:9 [(   Orc:1 *


Innate Abilities, Weirdness & Mutations

You are too large for most types of armour.
You have claws for hands.
Your metabolism is lightning-fast.
You like to eat raw meat.
You heal very quickly.
You are covered in fur (AC +1).
You have very tough skin (AC +2).


Message History

The river rat bites you but does no damage.
The catoblepas breathes a plume of calcifying dust at you.
The blast of calcifying dust hits you!
You are engulfed in calcifying dust.
The river rat bites you.
* * * LOW HITPOINT WARNING * * *
The catoblepas gores you but does no damage.
You are engulfed in calcifying dust.
Your hands revert to their normal proportions.
The blink frog seems to regain its courage. x2
The river rat bites you but does no damage.
The catoblepas gores you!
* * * LOW HITPOINT WARNING * * *
You are engulfed in calcifying dust.
The blink frog gives a loud, deep croak!
The blink frog croaks.
The river rat bites you but does no damage.
The river rat bites you!
* * * LOW HITPOINT WARNING * * *
The catoblepas gores you!
You die...

##PPP#......P..##
#PP####........#
#.. ###......# ..
##.....##
#...<..# ##....##
##.....#
##.#....#
#.†.FY@##
#††F.rr#
..........####
#.#.......r.#
###..........
##.........
...r..##.r
#P.....# ##
#...####


You could see a catoblepas, 2 blink frogs and 2 river rats.

Vanquished Creatures
  A frost giant (IceCv)
  Fannar (Lair:1)
  5 hydras
  3 death yaks
  An ice statue (IceCv)
  A hill giant (D:9)
  An orc sorcerer (Orc:3)
  2 black mambas
  7 spiny frogs
  Joseph (D:7)
  A gargoyle (D:10)
  9 komodo dragons
  2 fire drakes
  A blue devil (Orc:3)
  20 polar bears
  A queen bee (Lair:3)
  A troll (Orc:1)
  2 merfolk (Lair:5)
  18 blink frogs
  A slime creature (Lair:1)
  A wyvern (D:9)
  Sigmund (D:6)
  38 yaks
  2 basilisks
  A human (D:7)
  11 hippogriffs
  A hungry ghost (D:8)
  Menkaure (D:7)
  26 wolves
  2 wargs
  11 orc warriors
  Duvessa (D:7)
  A sky beast (D:5)
  10 water moccasins
  11 porcupines
  A black bear (D:7)
  2 phantoms
  6 ogres
  3 ice beasts
  3 centaurs
  13 crocodiles
  A brain worm (Lair:7)
  11 giant frogs
  A wyvern zombie (D:9)
  3 scorpions
  Dowan (D:7)
  5 wights (D:8)
  25 killer bees (Lair:3)
  An electric eel (Lair:3)
  3 crimson imps
  2 quasits
  6 jellies
  A giant frog zombie (D:9)
  14 orc priests
  3 centaur skeletons
  2 hounds
  12 iguanas
  30 orc wizards
  5 worker ants
  26 sheep
  A killer bee zombie (D:8)
  2 hound zombies (D:8)
  A worker ant zombie (D:9)
  15 adders
  8 gnolls
  69 river rats
  3 shadow imps
  18 oozes
  7 worms
  4 giant geckos
  128 orcs
  16 bats
  3 bat skeletons
  A giant cockroach (D:1)
  14 goblins
  18 hobgoblins
  7 jackals
  3 quokkas
  3 ball pythons
  13 giant newts
  2 jackal zombies
  10 kobolds
  28 rats
  A butterfly (D:5)
752 creatures vanquished.

Vanquished Creatures (others)
  An orc (Orc:1)
  A plant (Lair:7)
2 creatures vanquished.

Grand Total: 754 creatures vanquished

Notes
Turn   | Place    | Note
--------------------------------------------------------------
     0 | D:1      | Synthetic the Troll Transmuter began the quest for the Orb.
     0 | D:1      | Reached XP level 1. HP: 18/18 MP: 1/1
   126 | D:1      | Reached XP level 2. HP: 14/26 MP: 2/2
   390 | D:1      | Reached skill level 4 in Unarmed Combat
   779 | D:2      | Reached XP level 3. HP: 29/32 MP: 3/3
   822 | D:2      | Found a sacrificial altar of Ru.
  1003 | D:2      | Found a glowing silver altar of Zin.
  1281 | D:2      | Found a snail-covered altar of Cheibriados.
  1289 | D:2      | Became a worshipper of Cheibriados the Contemplative
  1294 | D:2      | Learned a level 3 spell: Spider Form
  1490 | D:3      | Reached XP level 4. HP: 35/40 MP: 4/4
  1514 | D:3      | Found a blossoming altar of Fedhas.
  1788 | D:3      | Reached skill level 5 in Unarmed Combat
  1897 | D:3      | Found a glowing drain.
  1914 | D:3      | Acquired Cheibriados's first power
  1943 | Sewer    | Entered a sewer
  2258 | Sewer    | Reached XP level 5. HP: 41/46 MP: 5/5
  2626 | D:3      | Found a deep blue altar of Sif Muna.
  3157 | D:4      | Reached XP level 6. HP: 54/54 MP: 7/7
  3231 | D:4      | Acquired Cheibriados's second power
  3289 | D:4      | Found a sparkling altar of Nemelex Xobeh.
  3329 | D:5      | Entered Level 5 of the Dungeon
  3415 | D:5      | Found a staircase to the Ecumenical Temple.
  3432 | D:5      | Reached skill level 6 in Unarmed Combat
  3602 | D:5      | Found a shimmering altar of Xom.
  3663 | D:5      | Reached XP level 7. HP: 59/61 MP: 8/8
  3742 | D:5      | Acquired Cheibriados's third power
  3777 | D:5      | Reached skill level 7 in Unarmed Combat
  4049 | D:5      | Reached skill level 1 in Invocations
  4738 | D:5      | Reached XP level 8. HP: 53/68 MP: 10/10
  5069 | D:6      | Noticed Sigmund
  5078 | D:6      | Killed Sigmund
  5269 | D:6      | Reached skill level 8 in Unarmed Combat
  5374 | D:6      | Reached skill level 5 in Transmutations
  5461 | D:6      | Found a burning altar of Makhleb.
  5463 | D:6      | Found a shattered altar of Ashenzari.
  5465 | D:6      | Found a sparkling altar of Nemelex Xobeh.
  5465 | D:6      | Found a bloodstained altar of Trog.
  5466 | D:6      | Found a shadowy altar of Dithmenos.
  6027 | D:7      | Reached XP level 9. HP: 55/75 MP: 12/12
  6083 | D:7      | Noticed Joseph
  6092 | D:7      | Killed Joseph
  6212 | D:7      | Noticed Menkaure
  6304 | D:7      | Learned a level 5 spell: Blade Hands
  6309 | D:7      | Learned a level 4 spell: Ice Form
  6383 | D:7      | Found a shattered altar of Ashenzari.
  6384 | D:7      | Noticed Dowan
  6385 | D:7      | Noticed Duvessa
  6390 | D:7      | Killed Dowan
  6397 | D:7      | Killed Duvessa
  6397 | D:7      | Reached skill level 1 in Fighting
  6572 | D:7      | Reached skill level 9 in Unarmed Combat
  6692 | D:7      | Found a shadowy altar of Dithmenos.
  6815 | D:7      | Killed Menkaure
  6900 | D:8      | Acquired Cheibriados's fourth power
  7229 | D:8      | Reached XP level 10. HP: 87/87 MP: 14/14
  7737 | D:9      | Found Iluekug's Weapon Emporium.
  7757 | D:9      | Found Ziuschor's Armour Shop.
  7776 | D:9      | Bought a +2 cloak for 181 gold pieces
  8032 | D:9      | Noticed a hill giant
  8038 | D:9      | Killed a hill giant
  8038 | D:9      | Reached skill level 10 in Unarmed Combat
  8346 | D:10     | Entered Level 10 of the Dungeon
  8357 | D:10     | Found a staircase to the Orcish Mines.
  8469 | D:10     | Found a staircase to the Lair.
  9036 | Orc:1    | Entered Level 1 of the Orcish Mines
  9036 | Orc:1    | Found Watty's Whimsical Warehouse.
  9740 | Orc:1    | Reached XP level 11. HP: 61/97 MP: 8/16
 10067 | Orc:3    | Noticed an ice devil
 10280 | Orc:3    | Reached skill level 11 in Unarmed Combat
 10391 | Lair:1   | Entered Level 1 of the Lair of Beasts
 10446 | Lair:1   | Noticed Fannar
 10468 | Lair:1   | Killed Fannar
 10473 | Lair:1   | Found a frozen archway.
 10489 | IceCv    | Entered an ice cave
 10532 | IceCv    | Noticed an ice statue
 10540 | IceCv    | Killed an ice statue
 10540 | IceCv    | Reached skill level 5 in Spellcasting
 10590 | IceCv    | Reached skill level 12 in Unarmed Combat
 10717 | IceCv    | Noticed a death yak
 10730 | IceCv    | Killed a death yak
 10911 | IceCv    | Reached skill level 13 in Unarmed Combat
 10911 | IceCv    | Reached XP level 12. HP: 80/105 MP: 10/19
 11013 | IceCv    | Noticed a death yak
 11013 | IceCv    | Noticed a frost giant
 11031 | IceCv    | Killed a frost giant
 11042 | IceCv    | Killed a death yak
 11061 | IceCv    | Reached skill level 14 in Unarmed Combat
 11578 | Lair:1   | Noticed an eight-headed hydra
 11581 | Lair:1   | HP: 2/105 [eight-headed hydra (5)]
 11956 | Lair:1   | Killed an eight-headed hydra
 12482 | Lair:2   | Reached skill level 5 in Invocations
 12574 | Lair:2   | Learned a level 7 spell: Dragon Form
 13161 | Lair:2   | Noticed a four-headed hydra
 13168 | Lair:2   | Killed a four-headed hydra
 13216 | Lair:2   | Reached XP level 13. HP: 103/114 MP: 21/21
 14208 | Lair:3   | Reached skill level 5 in Dodging
 14899 | Lair:4   | Reached skill level 15 in Unarmed Combat
 15228 | Lair:4   | Found a staircase to the Snake Pit.
 16022 | Lair:5   | Learned a level 3 spell: Regeneration
 16088 | Lair:5   | Reached skill level 5 in Fighting
 16414 | Lair:5   | Found a staircase to the Shoals.
 17121 | Lair:6   | Found a viscous altar of Jiyva.
 17121 | Lair:6   | Found a staircase to the Slime Pits.
 17837 | Lair:7   | Reached XP level 14. HP: 119/127 MP: 17/23
 17934 | Lair:7   | HP: 6/127 [catoblepas (4)]
 17935 | Lair:7   | HP: 2/127 [river rat (4)]
 17935 | Lair:7   | Slain by a catoblepas

Vault maps used:
D:1:      minmay_arrival_open_corners, grunt_decor_one_mirror
D:2:      overflow_temple_1_default, lemuel_round_altar, old_standard_altar,
          first_bread
D:3:      overflow_temple_1_default, lemuel_blue_sif_altar, portal_sewer_entry_e
D:4:      fountainhead, nemelex_dance_club_becter
D:5:      xom_teletrap_fun, minmay_temple_entry_butterflies,
          minmay_misc_feat_iff
D:6:      grunt_temple_overflow_open, uniq_sigmund
D:7:      basic_altar, grunt_livestock, grunt_dithmenos_shadows, uniq_menkaure,
          uniq_duvessa, uniq_joseph
D:9:      serial_shops, shop, nicolae_shop_crystal
D:10:     minmay_lair_entry_lava, hiddenorc2_lemuel, minivault_23,
          grunt_ministairs_9
Lair:1:   lemuel_slime, portal_ice_cave_entry_pillars_03, grunt_megastairs_2,
          lemuel_fruit_tree, uniq_fannar
Lair:2:   st_stairs_4, grunt_megastairs_4
Lair:3:   lemuel_another_geyser, serial_bayou_shore_a
Lair:4:   dummy_snake_entry, serial_bayou_pond_b, minmay_hedge_maze,
          roderic_lost_polar_bear
Lair:5:   elwin_shoals_entry_rooms
Lair:6:   slime_altar_1
Orc:1:    nicolae_alphabet_shops
Orc:3:    nicolae_orc_pool_cavern, uniq_donald
Sewer:    sewer_co_cracked_pipes
IceCv:    ice_cave_caverns_03

Action                   |  1- 3 |  4- 6 |  7- 9 | 10-12 | 13-15 || total
-------------------------+-------+-------+-------+-------+-------++-------
Melee: Unarmed           |   101 |   217 |   338 |   649 |   411 ||  1716
Throw: Javelin           |       |       |       |     4 |       ||     4
 Cast: Blade Hands       |       |       |     1 |    36 |    34 ||    71
       Spider Form       |       |       |     1 |     2 |       ||     3
       Ice Form          |       |       |       |     2 |     6 ||     8
Invok: Slouch            |       |       |       |       |     1 ||     1
  Use: Scroll            |       |     7 |       |    18 |     8 ||    33
       Potion            |       |     4 |     1 |     1 |       ||     6
 Stab: Sleeping          |       |     2 |     1 |     4 |     3 ||    10
       Distracted        |       |       |     1 |     1 |     1 ||     3
       Petrified         |       |       |       |       |     3 ||     3
  Eat: Chunk             |    13 |    22 |    20 |    52 |    43 ||   150
